 Dungeon Sprint DCSS version 0.24.0-125-gc4c63601f3 (webtiles) character file.

Game seed: 6090619567531494375, levelgen mode: deterministic

2506 Ponchio the Earth Mage (level 9, -1/55 HPs)
             Began as a Deep Elf Earth Elementalist on Feb 29, 2020.
             Shot with a bolt by a yaktaur captain (55 damage)
             ... in the Dungeon (Sprint II: "The Violet Keep of Menkaure").
             The game lasted 00:09:51 (1044 turns).

Ponchio the Earth Mage (DEEE)                       Turns: 1044, Time: 00:09:51

Health: -1/55      AC:  2    Str:  5    XL:     9   Next: 28%
Magic:  43/48      EV: 16    Int: 24    God:
Gold:   72         SH:  0    Dex: 15    Spells: 23/38 levels left

rFire    . . .     SeeInvis .   (no weapon)
rCold    . . .     Gourm    .   (no shield)
rNeg     . . .     Faith    .   c - +0 robe
rPois    .         Spirit   .   (no helmet)
rElec    .         Reflect  .   (no cloak)
rCorr    .         Harm     +   (no gloves)
MR       .....     NoTele   +   (no boots)
Stlth    ++........             k - amulet of harm
HPRegen  0.18/turn              g - ring of magical power
MPRegen  0.31/turn              l - ring of magical power

@: no status effects
A: no striking features
a: no special abilities


You were in the Dungeon.
You were not hungry.

You visited 1 branch You collected 972 gold pieces.
You spent 900 gold pieces at shops.

Inventory:

Missiles
 b - 13 stones (quivered)
Armour
 c - a +0 robe (worn)
Jewellery
 g - a ring of magical power (left hand)
 k - an amulet of harm (around neck)
 l - a ring of magical power (right hand)
Scrolls
 j - a scroll of blinking
Potions
 e - a potion of curing
 f - a potion of heal wounds
 h - a potion of magic
 i - a potion of berserk rage
Comestibles
 d - a ration


   Skills:
 * Level 6.1 Fighting
 + Level 6.7 Dodging
 - Level 2.4 Stealth
 - Level 15.3 Spellcasting
 - Level 1.1 Transmutations
 - Level 15.9 Earth Magic


You had 23 spell levels left.
You knew the following spells:

 Your Spells              Type           Power        Failure   Level  Hunger
a - Sandblast             Erth           ######       0%          1    None
b - Passwall              Tmut/Erth      ######..     1%          2    None
c - Stone Arrow           Conj/Erth      ######       1%          3    None
d - Petrify               Tmut/Erth      ######..     1%          4    None
e - Lee's Rapid Deconstr  Erth           #######...   1%          5    ##.....

Your spell library contained the following spells:

 Spells                   Type           Power        Failure   Level  Hunger


Dungeon Overview and Level Annotations

Branches:
Dungeon (1/1)

Altars:

Shops:
D !=:(:%!?:=:?[[*}

Annotations:
D exclusion: oklob plant, Kirke


Message History

There is an open door here.
Really walk into a travel-excluded area?
There is an open door here.
Which direction?
You close the gate.
A yaktaur captain, a skeletal warrior and Kirke come into view.
Casting: Lee's Rapid Deconstruction (safe; 1% risk of failure)
Confirm with . or Enter, or press ? or * to list all spells.
Aiming: Lee's Rapid Deconstruction (safe; 1% risk of failure)
Press: ? - help, Dir - move target cursor, f - skeletal warrior Fragment what (e.g. wall or brittle monster)?: a skeletal warrior, wielding a +0 flail The skeletal warrior shatters!!!
You blow up the skeletal warrior!
Your Fighting skill gained 3 levels and is now at level 6!
Your Dodging skill gained 2 levels and is now at level 6!
The yaktaur captain shouts!
The yaktaur captain wields a +0 arbalest.
The yaktaur captain shoots a bolt.
The bolt hits you!!!
Ouch! That really hurt!
You die...

####+#### ##...○...##
##....°○...## +..°○°○○○○○○# @
##..○°°°○○°# c.)≈## .○°.°.#
############≈≈#+++#+++##
###########≈≈≈..@......#
##∩.......#≈≈≈≈.##'##..#
##.∩.....∩#≈≈≈≈##.#.##.####
##∩.∩...∩.#≈≈≈≈#.###.#....#
##.∩.∩.∩.∩#≈≈####.#.####..##
##..∩.∩.∩.#≈##.###'###.##..#
##...∩.∩..#≈#...##.##...#..#
##....⌠...'≈'.##'.<.'###'..#
##........#≈#...##.##...#....#


You could see Kirke (wandering) and a yaktaur captain.

Vanquished Creatures
  A skeletal warrior (D)
  An ice statue (D)
  A merfolk siren (D)
  2 tyrant leeches (D)
  A blink frog (D)
  2 hippogriffs (D)
  Menkaure (D)
  4 necrophages (D)
  A crocodile (D)
14 creatures vanquished.

Vanquished Creatures (others)
  A crocodile (D)
1 creature vanquished.

Grand Total: 15 creatures vanquished

Notes
Turn   | Place    | Note
-------+----------+-------------------------------------------
     0 | D        | Ponchio the Deep Elf Earth Elementalist began the quest for
                  | the Orb.
     0 | D        | Reached XP level 1. HP: 10/10 MP: 6/6
     1 | D        | Noticed a tyrant leech
     1 | D        | Noticed a tyrant leech
     7 | D        | Noticed a merfolk siren
    11 | D        | Noticed a necrophage
    11 | D        | Noticed a necrophage
    11 | D        | Noticed a necrophage
    11 | D        | Noticed a necrophage
    15 | D        | Killed a necrophage
    15 | D        | Reached XP level 2. HP: 15/15 MP: 3/12
    15 | D        | Reached XP level 3. HP: 19/19 MP: 3/13
    15 | D        | Reached XP level 4. HP: 24/24 MP: 3/15
    19 | D        | Killed a merfolk siren
    19 | D        | Reached XP level 5. HP: 28/28 MP: 0/20
    19 | D        | Reached XP level 6. HP: 32/32 MP: 0/22
    26 | D        | Reached XP level 7. HP: 33/36 MP: 12/24
    64 | D        | Noticed Menkaure
    71 | D        | Killed Menkaure
   209 | D        | Learned a level 2 spell: Passwall
   213 | D        | Learned a level 3 spell: Stone Arrow
   218 | D        | Learned a level 4 spell: Petrify
   224 | D        | Learned a level 5 spell: Lee's Rapid Deconstruction
   249 | D        | Noticed a hippogriff
   249 | D        | Noticed a hippogriff
   253 | D        | Killed a hippogriff
   254 | D        | Killed a hippogriff
   347 | D        | Killed a tyrant leech
   347 | D        | Reached skill level 15 in Earth Magic
   347 | D        | Reached XP level 8. HP: 12/41 MP: 6/28
   360 | D        | Killed a tyrant leech
   574 | D        | Noticed an ice statue
   586 | D        | Found Akliff's Magic Scroll Shop.
   586 | D        | Found Yfeeg's Antique Armour Shop.
   586 | D        | Found Aluaboceq's Jewellery Boutique.
   586 | D        | Found Coira Lenu's Gadget Shop.
   586 | D        | Found Zekkigg's Book Boutique.
   586 | D        | Found Utriafu's Antique Armour Boutique.
   587 | D        | Found Welaowomeu's Book Boutique.
   587 | D        | Found Epoakizu's Magic Scroll Shop.
   587 | D        | Found Mulir's General Store.
   588 | D        | Found Maxonaa's Distillery.
   588 | D        | Found Daacouty's Food Boutique.
   594 | D        | Noticed a blink frog
   595 | D        | Killed a blink frog
   595 | D        | Reached skill level 15 in Spellcasting
   651 | D        | Noticed a hell hog
   651 | D        | Noticed a hell hog
   652 | D        | Found Tiodu's Book Boutique.
   652 | D        | Found Wuelofaati's Antique Weapon Shop.
   652 | D        | Noticed an oklob plant
   659 | D        | Found Hacobra's Jewellery Shop.
   659 | D        | Found Anekiab's Book Shoppe.
   659 | D        | Found Kejyti's Distillery.
   742 | D        | Bought an uncursed ring of magical power for 200 gold
                  | pieces
   748 | D        | Bought an uncursed amulet of harm for 420 gold pieces
   748 | D        | Bought an uncursed ring of magical power for 280 gold
                  | pieces
   989 | D        | Killed an ice statue
   989 | D        | Reached XP level 9. HP: 51/51 MP: 30/30
  1043 | D        | Noticed Kirke
  1043 | D        | Noticed a yaktaur captain
  1043 | D        | Noticed a skeletal warrior
  1044 | D        | Killed a skeletal warrior
  1044 | D        | Shot with a bolt by a yaktaur captain

Levels and vault maps discovered:
D:        the_violet_keep_of_menkaure [sprint2_stairs_cluster_1,
          sprint2_shoproom, sprint2_temple, sprint2_basic_supplies,
          sprint2_obstacle_7, sprint2_obstacle_3, sprint2_obstacle_2,
          sprint2_obstacle_4, sprint2_obstacle_6, sprint2_timed_cluster_1,
          sprint2_smallroom_cluster_1, sprint2_smallroom_final_cluster_1,
          sprint2_transparent_cluster_1, sprint2_second_timed_cluster_1,
          sprint2_sniper_area_1, sprint2_heavy_combat_area_1,
          sprint2_mutation_trap_area_1, sprint2_forest_area_1,
          sprint2_light_combat_area_1, sprint2_behind_water_1,
          sprint2_near_end_vault_1]

Skill      XL: |  1  2  3  4  5  6  7  8  9 |
---------------+----------------------------+-----
Spellcasting   | 7 11 14 15 | 15.3
Earth Magic    | 8 12 13 15 | 15.9
Fighting       | 3 6 |  6.1
Dodging        | 4 6 |  6.7
Stealth        | |  2.4
Transmutations | |  1.1

Action                   |  1- 3 |  4- 6 |  7- 9 || total
-------------------------+-------+-------+-------++-------
 Cast: Sandblast         |     2 |     7 |     8 ||    17
       Lee's Rapid Decon |       |       |    14 ||    14
  Use: Potion            |     1 |     1 |       ||     2
  Eat: Chunk             |       |       |     1 ||     1
Armor: Robe              |     1 |       |       ||     1
Dodge: Dodged            |       |     1 |     5 ||     6
